Map: Ever Dream LE

Players

Serral

  • Race: Zerg Zerg
  • League: Master
  • Spawn Location: 7:00

Reynor - Winner!

  • Race: Zerg Zerg
  • Spawn Location: 1:00

Event: DreamHack SC2 Masters 2020 Summer Europe

VOD

Have the link to the VOD?

Description

Time

  • Played on: July 12, 2020, 1:54 p.m.
  • Length: 10:56

All games in this series

Show
View Real Time Build Order
Export as new Build Order

Serral Zerg 

Build Orders: Hatch First 

Get SALT Encoding   

  12  0:00  Drone  
  13  0:12  Overlord  
  13  0:16  Drone  
  14  0:30  Drone x2  
  16  0:48  Hatchery  
  15  0:51  Drone  
  15  0:54  Drone  
  17  0:58  Drone  
  18  1:08  Extractor  
  17  1:13  Spawning Pool  
  17  1:15  Drone  
  17  1:19  Drone  
  18  1:27  Drone  
  19  1:38  Drone  
  20  1:49  Drone  
  21  2:00  Overlord, Queen x2  
  21  2:01  Zergling x2  
  26  2:09  Metabolic Boost  
  26  2:10  Drone  
  26  2:11  Drone  
  28  2:21  Drone x2  
  30  2:34  Hatchery  
  30  2:36  Drone  
  30  2:39  Drone  
  31  2:45  Drone, Overlord  
  32  2:52  Queen  
  32  2:55  Drone  
  32  2:58  Drone  
  36  3:10  Zergling x8  
  36  3:12  Zergling x6  
  43  3:13  Zergling x2  
  44  3:22  Overlord  
  44  3:28  Baneling Nest  
  44  3:34  Zergling x2  
  44  3:37  Evolution Chamber, Drone  
  44  3:42  Drone x3  
  44  3:43  Drone  
  44  3:48  Overlord  
  48  3:50  Drone x2  
  48  3:53  Zergling x2  
  51  3:56  Drone  
  51  3:59  Drone  
  52  4:03  Zerg Missile Weapons Level 1  
  52  4:04  Overlord  
  52  4:09  Drone x2  
  54  4:11  Baneling  
  54  4:12  Drone x3  
  57  4:18  Drone x2  
  57  4:19  Drone x2  
  57  4:22  Lair  
  61  4:27  Extractor  
  61  4:28  Extractor  
  61  4:31  Drone x2  
  60  4:32  Roach Warren  
  60  4:33  Drone  
  60  4:37  Overlord  
  61  4:40  Drone x2  
  61  4:41  Drone  
  61  4:42  Drone  
  64  4:46  Drone x2  
  64  4:49  Overlord  
  64  4:52  Pneumatized Carapace  
  66  4:53  Drone x2  
  66  4:55  Extractor  
  68  5:00  Drone x3  
  68  5:01  Drone x2  
  68  5:03  Drone  
  68  5:04  Drone  
  74  5:10  Drone x2  
  74  5:11  Overlord  
  74  5:14  Drone x2  
  78  5:18  Drone x4  
  78  5:20  Drone x2  
  83  5:22  Overseer, Extractor  
  83  5:23  Drone  
  83  5:24  Drone, Extractor  
  83  5:29  Overlord x2  
  83  5:31  Roach  
  83  5:33  Glial Reconstitution  
  85  5:40  Baneling  
  85  5:42  Hatchery  
  84  5:44  Baneling x2  
  84  5:45  Roach  
  84  5:48  Evolution Chamber  
  85  5:50  Roach  
  85  5:51  Roach  
  85  5:56  Roach x3  
  95  6:02  Overlord  
  95  6:04  Roach, Overlord  
  95  6:05  Roach x2  
  95  6:07  Zerg Missile Weapons Level 2  
  95  6:09  Overlord  
  101  6:12  Drone  
  101  6:14  Spore Crawler  
  101  6:22  Spore Crawler  
  101  6:23  Roach x3  
  106  6:27  Drone x4  
  106  6:30  Roach x2  
  114  6:34  Roach  
  114  6:36  Overlord  
  114  6:37  Zerg Ground Armor Level 1  
  114  6:39  Roach x2  
  120  6:43  Overlord  
  120  6:45  Overseer  
  120  6:48  Roach x4  
  120  6:52  Roach x2  
  132  6:57  Roach x3  
  132  7:00  Burrow  
  139  7:01  Roach x2  
  139  7:04  Queen  
  139  7:07  Unknown  
  139  7:08  Drone x2  
  143  7:09  Baneling x2  
  143  7:12  Ravager x4  
  143  7:14  Tunneling Claws  
  147  7:18  Roach  
  147  7:19  Roach x2  
  147  7:22  Overlord  
  153  7:23  Overlord  
  153  7:29  Roach  
  151  7:30  Overlord x2  
  151  7:32  Overlord  
  145  7:37  Overlord  
  145  7:40  Roach x5  
  134  7:46  Roach x3  
  134  7:49  Roach x2  
  134  7:53  Ravager  
  134  7:56  Roach x5  
  145  8:01  Roach x2  
  134  8:09  Drone x7  
  132  8:14  Drone x2  
  132  8:18  Drone x2  
  136  8:20  Ravager x2  
  136  8:21  Roach x3  
  136  8:24  Roach  
  140  8:30  Roach  
  140  8:31  Roach  
  142  8:34  Roach x5  
  142  8:39  Roach x2  
  150  8:43  Roach x2  
  152  8:53  Roach x4  
  156  8:56  Roach x3  
  156  8:58  Ravager x2  
  156  9:01  Roach x2  
  162  9:05  Roach x2  
  162  9:09  Roach  
  149  9:18  Roach x5  
  149  9:21  Roach  
  136  9:26  Roach x3  
  136  9:30  Roach x2  
  122  9:36  Roach  
  122  9:37  Roach x2  
  121  9:39  Roach  
  121  9:44  Roach x2  
  121  9:45  Roach  
  123  9:46  Ravager  
  123  9:47  Ravager  
  123  9:49  Roach  
  123  9:50  Roach  
  123  9:52  Ravager  
  130  9:53  Ravager  
  130  9:55  Roach x2  
  135  10:01  Roach x3  
  135  10:04  Ravager  
  142  10:08  Roach  
  142  10:09  Roach x3  
  142  10:14  Roach x3  
  142  10:19  Roach x3  
  113  10:30  Roach x7  
  113  10:35  Roach x2  
Show
View Real Time Build Order
Export as new Build Order

Reynor Zerg - Winner!

Build Orders: Hatch First 

Get SALT Encoding   

  12  0:00  Drone  
  13  0:12  Overlord  
  13  0:16  Drone  
  14  0:30  Drone x2  
  16  0:47  Hatchery  
  15  0:50  Drone  
  15  0:54  Drone  
  17  0:57  Drone  
  18  1:08  Extractor  
  17  1:13  Spawning Pool  
  17  1:15  Drone  
  18  1:18  Drone  
  18  1:27  Drone  
  19  1:39  Drone  
  20  1:49  Drone  
  21  1:59  Overlord  
  21  2:00  Zergling x2, Queen x2  
  26  2:07  Metabolic Boost  
  26  2:09  Drone  
  26  2:11  Drone  
  28  2:20  Drone  
  28  2:21  Drone  
  30  2:30  Zergling x2  
  30  2:33  Drone  
  32  2:38  Hatchery  
  32  2:41  Drone  
  32  2:43  Drone  
  33  2:50  Baneling Nest  
  32  2:54  Overlord  
  32  2:55  Drone  
  33  3:04  Drone x2  
  35  3:10  Drone  
  36  3:14  Zergling x10  
  36  3:19  Zergling x2  
  42  3:22  Overlord  
  42  3:29  Zergling x2  
  42  3:30  Evolution Chamber  
  42  3:33  Baneling, Drone  
  42  3:34  Baneling  
  42  3:38  Baneling  
  42  3:39  Overlord  
  42  3:40  Drone x4  
  46  3:43  Zergling x2  
  46  3:45  Drone  
  46  3:48  Drone  
  49  3:50  Queen  
  49  3:55  Drone  
  52  3:56  Drone  
  52  3:57  Drone  
  52  4:01  Drone  
  52  4:02  Zerg Missile Weapons Level 1  
  55  4:06  Drone  
  55  4:08  Drone  
  57  4:14  Drone x2, Overlord  
  57  4:15  Drone  
  60  4:18  Drone  
  60  4:23  Extractor  
  60  4:24  Roach Warren, Drone, Extractor  
  59  4:27  Drone  
  59  4:30  Drone  
  60  4:31  Lair  
  60  4:32  Drone  
  60  4:35  Drone  
  62  4:39  Drone  
  62  4:41  Drone  
  62  4:43  Drone x3  
  62  4:44  Overlord  
  66  4:50  Roach Warren, Drone  
  67  4:53  Drone  
  67  4:55  Drone x3  
  67  4:56  Drone  
  67  4:59  Pneumatized Carapace, Extractor  
  71  5:00  Extractor  
  71  5:03  Drone  
  71  5:05  Drone x2  
  71  5:06  Extractor  
  71  5:13  Drone  
  72  5:15  Drone x2  
  72  5:17  Drone, Overlord  
  72  5:18  Drone  
  72  5:20  Hatchery  
  75  5:28  Drone x4  
  79  5:31  Overseer  
  79  5:34  Glial Reconstitution  
  79  5:35  Evolution Chamber  
  78  5:36  Overlord  
  78  5:37  Drone  
  78  5:38  Drone  
  78  5:40  Roach x2, Spore Crawler  
  78  5:41  Spore Crawler  
  82  5:42  Overlord  
  82  5:45  Roach  
  82  5:48  Roach  
  87  5:50  Drone  
  87  5:52  Overlord  
  87  5:59  Drone x4  
  87  6:00  Zerg Ground Armor Level 1  
  87  6:01  Zerg Missile Weapons Level 2  
  87  6:03  Drone x2  
  93  6:05  Roach  
  93  6:08  Roach x2  
  99  6:11  Roach  
  101  6:19  Roach x3  
  101  6:22  Baneling  
  101  6:25  Overlord x2  
  107  6:26  Roach x2  
  107  6:31  Unknown  
  107  6:32  Queen  
  110  6:34  Drone x2  
  110  6:36  Roach x3, Spore Crawler  
  110  6:37  Ravager  
  110  6:39  Overlord  
  120  6:49  Overlord  
  120  6:53  Roach x2  
  120  6:54  Roach x4  
  132  6:55  Baneling x2  
  132  6:58  Drone x2  
  132  6:59  Drone x2  
  133  7:02  Roach x4  
  133  7:03  Overlord  
  133  7:06  Roach  
  143  7:08  Drone  
  143  7:12  Roach x4  
  143  7:14  Overlord  
  152  7:18  Overlord  
  154  7:22  Ravager x2  
  154  7:23  Overlord  
  154  7:24  Ravager x2  
  154  7:25  Roach x2  
  155  7:31  Roach x2  
  155  7:35  Drone x5  
  153  7:39  Roach x3  
  153  7:41  Roach  
  153  7:43  Roach  
  143  7:47  Roach x2  
  143  7:48  Roach  
  141  7:53  Roach x3  
  141  7:58  Overlord  
  147  7:59  Roach x2  
  145  8:06  Roach x5  
  145  8:11  Roach x2  
  156  8:14  Drone x3  
  156  8:18  Roach x2, Ravager  
  156  8:19  Ravager  
  165  8:20  Roach  
  165  8:22  Roach  
  165  8:24  Roach  
  171  8:29  Roach  
  171  8:30  Roach  
  171  8:33  Roach x2  
  179  8:34  Overseer  
  179  8:38  Roach  
  183  8:41  Ravager x2  
  183  8:42  Overlord  
  183  8:45  Roach  
  181  8:51  Overlord  
  181  8:55  Roach x2  
  183  8:57  Overlord  
  183  9:04  Roach x3  
  183  9:05  Roach x2  
  188  9:14  Roach  
  188  9:15  Roach x5  
  188  9:16  Roach x2  
  188  9:17  Roach  
  186  9:20  Roach x3  
  186  9:23  Roach x3  
  169  9:25  Roach  
  169  9:26  Roach x2  
  169  9:30  Roach  
  151  9:31  Roach  
  149  9:38  Roach x2  
  149  9:40  Roach  
  149  9:43  Roach  
  141  9:47  Ravager x2  
  141  9:48  Ravager x3  
  141  9:49  Roach x3, Ravager  
  141  9:51  Roach  
  157  9:53  Roach  
  157  9:57  Roach x2  
  161  10:03  Roach x3  
  161  10:04  Roach  
  169  10:09  Roach x3  
  169  10:12  Roach  
  169  10:13  Roach  
  163  10:17  Roach x2  
  163  10:20  Roach x2  
  151  10:22  Roach  
  151  10:25  Roach  
  151  10:26  Roach  
  141  10:31  Roach x2  
  141  10:34  Roach x2  
  135  10:35  Roach  
  126  10:53  Ravager  
  126  10:54  Ravager  
Tags
 
Add a new tag
Caveats
  • Supply blocks, unpowered buildings, or Contaminate may cause inaccurate times.
  • Supply counts are checked every 10 seconds.